 Dungeon Crawl Stone Soup version 0.29.1-2-gbd0b4ee654 (webtiles) character file.

Game seed: 14732257739882270980

0 jamesblauser the Trooper (level 1, -1/19 HPs)
             Began as a Ghoul Fighter on Nov 6, 2022.
             Frozen to death by an endoplasm (2 damage)
             ... on level 3 of the Dungeon.
             The game lasted 00:00:45 (84 turns).

jamesblauser the Trooper (Ghoul Fighter)              Turns: 84, Time: 00:00:47

Health: -1/19      AC:  6    Str: 19    XL:     1   Next: 10%
Magic:  0/0        EV:  6    Int:  3    God:
Gold:   0          SH:  4    Dex:  8    Spells: 0/0 levels left

rFire   . . .      SeeInvis .   a - +0 flail
rCold   + . .      Faith    .   c - +0 buckler
rNeg    + + +      Spirit   .   b - +0 scale mail
rPois   ∞          Reflect  .   (no helmet)
rElec   .          Harm     .   (no cloak)
rCorr   .          Rampage  .   (no gloves)
Will    .....                   (no boots)
Stlth   ..........              (no amulet)
HPRegen 0.00/turn               (no ring)
MPRegen 0.07/turn               (no ring)

@: inhibited regen, constricted
A: claws 1, cold resistance 1, negative energy resistance 3, inhibited
regeneration, torment resistance 2, devour on kill
a: no special abilities


You were on level 3 of the Dungeon.
You visited 1 branch of the dungeon, and saw 3 of its levels.

Inventory:

Hand Weapons
 a - a +0 flail (weapon)
Armour
 b - a +0 scale mail (worn)
 c - a +0 buckler (worn)
Potions
 d - a potion of might


   Skills:
 + Level 3.2 Fighting
 + Level 1.8 Maces & Flails
 + Level 2.6 Armour
 + Level 2.6 Shields


You couldn't memorise any spells.
You didn't know any spells.
Your spell library was empty.

Dungeon Overview and Level Annotations

Branches:
Dungeon (3/15)

Altars:


Innate Abilities, Weirdness & Mutations

You are immune to poison.
You have sharp fingernails.
Your flesh is cold resistant. (rC+)
You are immune to negative energy. (rN+++)
You do not regenerate when monsters are visible.
You are immune to unholy pain and torment.
You thrive by killing the living.


Message History

The ball python attacks as you move away!
The ball python bites you. You block the bat's attack.
The bat hits you but does no damage. The ball python bites you.
The ball python grabs you. The ball python constricts you.
The ball python's grasp on you weakens, but your attempt to escape fails.
The bat hits you but does no damage. You block the ball python's attack.
The ball python constricts you. The ball python barely misses you.
The ball python constricts you.
You escape the ball python's grasp.
You block the bat's attack.
There is a stone staircase leading down here.
You block the bat's attack. The ball python bites you.
You block the ball python's attack. The ball python closely misses you.
The ball python grabs you.
You stop descending the stairs.
The ball python constricts you.
You escape the ball python's grasp.
You climb downwards.
The kobold shouts!
The endoplasm quivers.
The goblin shouts!
The orc shouts!
Found five items.
Found a stone staircase leading down.
There is a stone staircase leading up here.
The ball python bites you. The ball python barely misses you.
You barely miss the endoplasm.
The ball python bites you but does no damage.
The ball python closely misses you. The ball python bites you.
* * * LOW HITPOINT WARNING * * *
The ball python grabs you. The ball python constricts you.
The endoplasm freezes you.
You are frozen.
You resist.
* * * LOW HITPOINT WARNING * * *
An adder comes into view.
The worm bites you.
* * * LOW HITPOINT WARNING * * *
The adder hisses angrily.
You hit the worm.
The worm is lightly wounded.
The ball python closely misses you. The ball python constricts you.
The endoplasm freezes you.
You are frozen.
You resist.
You die...

#. #S# .#
#..# .#
#..######.#
#..#.....##
#.K......##
#.?.J.....#
#...@og...#
#..>wS....#
#........:#
#.........#
#..Br..!..#
#.........#
#.........#
#.........#
#....!....#


You could see a worm, an adder, an orc, an endoplasm, a giant cockroach, a
goblin, a ball python, a kobold and a rat.

Vanquished Creatures
  A bat (D:2)
1 creature vanquished.

Vanquished Creatures (others)
  A plant (D:2)
  3 withered plants (D:2)
4 creatures vanquished.

Grand Total: 5 creatures vanquished

Notes
Turn   | Place    | Note
-------+----------+-------------------------------------------
     0 | D:1      | jamesblauser the Ghoul Fighter began the quest for the Orb.
     0 | D:1      | Reached XP level 1. HP: 19/19 MP: 0/0
    84 | D:3      | Frozen to death by an endoplasm

Illustrated notes

Levels and vault maps discovered:
D:1:      zaba_arrival_water, layout_loops_cross, nicolae_hexahallways
D:2:      layout_basic, shapermc_ecumenical_altar_flowoftime,
          kennysheep_nondescript
D:3:      layout_rooms, amcnicky_altar_gilded, chequers_serial_rivers_marsh,
          minmay_cut_off, uniq_crazy_yiuf_cottage, uniq_jessica

Action                   || total
-------------------------++-------
Melee: Flail             ||     6
Armor: Scale mail        ||    45
Dodge: Dodged            ||    32
Block: Buckler           ||    20
